Map: Ice and Chrome LE

Players

TIME (Oliveira)

  • Race: Terran Terran
  • Spawn Location: 1:00

HeroMarine - Winner!

  • Race: Terran Terran
  • Spawn Location: 7:00

Event: DreamHack SC2 Masters 2020 Summer Season Finals

VOD

Have the link to the VOD?

Description

Time

  • Played on: July 16, 2020, 11:44 a.m.
  • Length: 7:02

All games in this series

Show
View Real Time Build Order
Export as new Build Order

TIME Terran 

Build Orders: Liberator Opening, Reaper Expand 

Get SALT Encoding   

  12  0:01  SCV  
  13  0:13  SCV  
  14  0:19  Supply Depot  
  14  0:25  SCV  
  15  0:41  SCV  
  16  0:42  Barracks  
  16  0:46  Refinery  
  16  0:53  SCV  
  17  1:05  SCV  
  18  1:17  SCV  
  19  1:30  Reaper, Orbital Command  
  20  1:41  Command Center  
  20  1:54  Supply Depot  
  20  1:57  SCV  
  21  2:03  Marine  
  22  2:09  SCV  
  22  2:12  Factory  
  23  2:16  Refinery  
  23  2:19  Bunker  
  23  2:23  SCV  
  23  2:26  Barracks Reactor  
  24  2:37  SCV  
  25  2:51  SCV  
  26  2:52  Orbital Command  
  26  2:57  Starport  
  25  3:06  Hellion x2  
  25  3:12  Marine  
  30  3:15  SCV  
  29  3:26  SCV  
  28  3:27  Hellion x2  
  28  3:31  SCV  
  31  3:38  SCV  
  32  3:43  Liberator  
  32  3:45  SCV  
  36  3:50  SCV, Hellion  
  41  3:56  Hellion  
  41  3:57  SCV  
  41  4:02  Supply Depot  
  42  4:03  SCV  
  44  4:10  SCV  
  44  4:13  Refinery  
  44  4:15  SCV  
  45  4:20  Marine  
  45  4:23  Marine  
  45  4:24  SCV, Factory Tech Lab  
  48  4:25  Supply Depot  
  48  4:30  Starport Tech Lab  
  48  4:32  SCV  
  48  4:36  SCV  
  50  4:44  Cyclone, Marine  
  54  4:47  Marine  
  54  4:48  SCV  
  54  4:49  SCV, Supply Depot  
  57  4:53  Raven  
  57  5:06  SCV  
  55  5:07  SCV  
  55  5:08  Marine x2  
  58  5:16  Siege Tank  
  58  5:19  Command Center  
  61  5:22  SCV x2  
  61  5:34  SCV  
  61  5:35  SCV  
  61  5:42  Marine  
  61  5:46  SCV  
  61  5:48  Viking x2  
  70  5:50  Siege Tank  
  70  5:54  Supply Depot  
  70  5:56  SCV  
  69  5:58  SCV  
  69  6:02  Supply Depot  
  69  6:03  Refinery  
  70  6:06  Marine  
  70  6:16  SCV  
  71  6:20  Viking x2  
  71  6:22  SCV  
  71  6:25  Siege Tank  
  79  6:30  SCV  
  79  6:32  Orbital Command  
  78  6:34  Barracks x2  
Show
View Real Time Build Order
Export as new Build Order

HeroMarine Terran - Winner!

Build Orders:  

Get SALT Encoding   

  12  0:00  SCV  
  13  0:13  SCV  
  14  0:17  Supply Depot  
  14  0:25  SCV  
  14  0:28  Refinery  
  15  0:38  SCV  
  16  0:44  Barracks  
  16  0:50  SCV  
  16  0:55  Refinery  
  17  1:02  SCV  
  18  1:14  SCV  
  19  1:31  Reaper, Orbital Command  
  20  1:34  Factory  
  20  1:42  Supply Depot  
  20  1:57  SCV  
  21  2:03  Reaper  
  22  2:09  SCV  
  23  2:19  Hellion  
  23  2:21  SCV  
  26  2:27  Command Center  
  26  2:33  SCV  
  27  2:37  Barracks Reactor  
  27  2:40  Supply Depot  
  27  2:41  Factory Tech Lab  
  27  2:45  SCV  
  27  2:50  Starport  
  28  2:57  SCV  
  29  3:06  Cyclone  
  29  3:09  SCV  
  33  3:15  Marine x2  
  35  3:22  SCV  
  36  3:27  Refinery  
  36  3:33  Marine x2, Starport Tech Lab  
  36  3:34  SCV  
  36  3:39  Orbital Command  
  35  3:42  Cyclone  
  35  3:46  SCV  
  39  3:51  Marine x2  
  41  3:56  Banshee  
  41  3:58  SCV  
  45  4:09  Supply Depot, Marine x2  
  48  4:14  Siege Tank  
  48  4:16  SCV  
  48  4:17  SCV  
  52  4:27  Marine x2  
  52  4:31  SCV x2  
  56  4:33  Supply Depot  
  56  4:37  Supply Depot  
  56  4:43  SCV x2  
  58  4:47  Siege Tank  
  61  4:54  Viking x2  
  61  4:55  SCV x2  
  62  5:07  SCV x2  
  62  5:09  Marine  
  65  5:19  SCV, Siege Tank  
  65  5:20  SCV  
  70  5:24  Viking  
  72  5:31  SCV  
  72  5:33  Viking  
  75  5:36  Command Center  
  75  5:42  SCV  
  76  5:43  SCV  
  76  5:45  Marine  
  78  5:51  Siege Tank  
  78  5:55  SCV  
  78  5:56  SCV  
  83  6:02  Marine  
  84  6:07  SCV  
  84  6:17  SCV  
  85  6:20  SCV  
  85  6:24  Supply Depot, Refinery  
  86  6:25  Viking x2, Siege Tank  
  93  6:33  SCV  
  94  6:42  SCV  
  94  6:45  SCV  
Tags
 
Add a new tag
Caveats
  • Supply blocks, unpowered buildings, or Contaminate may cause inaccurate times.
  • Supply counts are checked every 10 seconds.